 Dungeon Crawl Stone Soup version 0.23.2-33-g5129a83184 (webtiles) character file.

Game seed: 12883007374620898001

52554 Ivernyr the Blocker (level 14, -13/79 HPs)
             Began as a Vine Stalker Fighter on June 27, 2019.
             Was a Follower of Uskayaw.
             Killed from afar by Jorgrun (33 damage)
             ... with an iron shot
             ... on level 13 of the Dungeon.
             The game lasted 01:36:46 (17490 turns).

Ivernyr the Blocker (Vine Stalker Fighter)         Turns: 17490, Time: 01:36:47

Health: -13/79     AC: 15    Str: 20    XL:     14   Next: 64%
Magic:  0/23       EV:  9    Int:  8    God:    Uskayaw [*.....]
Gold:   1320       SH: 13    Dex: 18    Spells: 13/13 levels left

rFire    + . .     SeeInvis +   D - +3 long sword (elec)
rCold    + . .     Gourm    .   c - +0 shield
rNeg     . . .     Faith    +   b - +4 ring mail {rF+}
rPois    .         Spirit   +   y - +0 helmet
rElec    .         Reflect  .   (no cloak)
rCorr    .         Harm     .   n - +0 pair of gloves
MR       +....                  G - +0 pair of boots
Stlth    +.........             a - amulet of faith
HPRegen  1.03/turn              e - ring of see invisible
MPRegen  0.18/turn              B - ring of protection from cold

@: about to teleport
A: fangs 3, regeneration 2, magic shield, antimagic bite, no potion heal 3, rot
immunity
a: Stomp, Renounce Religion


You were on level 13 of the Dungeon.
You worshipped Uskayaw.
Uskayaw was aware of your devotion.
You were not hungry.

You visited 2 branches of the dungeon, and saw 20 of its levels.
You also visited: Bailey.

You collected 1320 gold pieces.

Inventory:

Hand Weapons
 D - a +3 long sword of electrocution (weapon)
Armour
 b - a +4 ring mail of fire resistance (worn)
 c - a +0 shield (worn)
 n - a +0 pair of gloves (worn)
 y - a +0 helmet (worn)
 G - a +0 pair of boots (worn)
Jewellery
 a - an amulet of faith (around neck)
 e - a ring of see invisible (left hand)
 h - an uncursed amulet of magic regeneration
 j - an uncursed ring of protection from fire
 B - a ring of protection from cold (right hand)
 U - an uncursed ring of resist corrosion
 V - a cursed amulet of inaccuracy {unknown}
 Z - an uncursed ring of positive energy
Wands
 l - a wand of acid (8)
 u - a wand of iceblast (17)
 v - a wand of flame (65)
 N - a wand of digging (10)
 X - a wand of random effects (17)
 Y - a wand of disintegration (17)
Scrolls
 g - 7 scrolls of remove curse
 p - a scroll of fear
 s - 4 scrolls of magic mapping
 x - 12 scrolls of identify
 A - 5 scrolls of teleportation
 H - 5 scrolls of enchant armour
 L - 4 scrolls of acquirement {unknown}
 M - 2 scrolls of random uselessness {unknown}
 O - a scroll of enchant weapon
 P - 2 scrolls of vulnerability {unknown}
 Q - a scroll of fog {unknown}
 R - 5 scrolls of amnesia {unknown}
 S - 4 scrolls of blinking {unknown}
 T - a scroll of summoning {unknown}
 W - a scroll of noise {unknown}
Potions
 d - 2 potions of might
 i - 4 potions of degeneration {unknown}
 k - 2 potions of resistance
 m - 7 potions of curing {unknown}
 o - 4 potions of mutation {unknown}
 q - 2 potions of cancellation {unknown}
 r - 2 potions of brilliance {unknown}
 t - a potion of berserk rage {unknown}
 z - 2 potions of agility {unknown}
 C - 2 potions of ambrosia {unknown}
 E - 4 potions of magic {unknown}
 F - a potion of lignification {unknown}
 I - 2 potions of invisibility {unknown}
 J - 2 potions of flight {unknown}
 K - 6 potions of haste
Comestibles
 f - 50 rations
 w - 2 chunks of flesh


   Skills:
 + Level 11.0 Fighting
 + Level 9.5 Long Blades
   Level 3.7 Maces & Flails
 + Level 10.2 Armour
 + Level 11.0 Shields
 + Level 11.0 Invocations


You had 13 spell levels left.
You didn't know any spells.
Your spell library contained the following spells:

 Spells                   Type           Power        Failure   Level  Hunger
 Confusing Touch          Hex            #.....       73%         1    ##.....
 Corona                   Hex            #......      73%         1    ##.....
 Magic Dart               Conj           #...         73%         1    ##.....
 Blink                    Tloc           N/A          86%         2    ###....
 Call Imp                 Summ           #.......     86%         2    ###....
 Ensorcelled Hibernation  Hex/Ice        #.....       86%         2    ###....
 Poisonous Vapours        Pois/Air       #.....       86%         2    ###....
 Searing Ray              Conj           #.....       86%         2    ###....
 Slow                     Hex            #.......     86%         2    ###....
 Confuse                  Hex            #.......     97%         3    ####...
 Conjure Flame            Conj/Fire      #.......     97%         3    ####...
 Dazzling Spray           Conj/Hex       #.....       97%         3    ####...
 Gell's Gravitas          Tloc           #.........   97%         3    ####...
 Mephitic Cloud           Conj/Pois/Air  #.......     97%         3    ####...
 Tukima's Dance           Hex            #.......     97%         3    ####...
 Force Lance              Conj/Tloc      #.......     100%        4    #####..
 Fulminant Prism          Conj/Hex       #.........   100%        4    #####..
 Iskenderun's Mystic Bla  Conj           #.......     100%        4    #####..
 Petrify                  Tmut/Erth      #.......     100%        4    #####..
 Metabolic Englaciation   Hex/Ice        #.........   100%        5    ######.
 Yara's Violent Unravell  Hex/Tmut       #.........   100%        5    ######.
 Freezing Cloud           Conj/Ice/Air   #.........   100%        6    #######
 Ring of Flames           Chrm/Fire      #.........   100%        7    #######


Dungeon Overview and Level Annotations

Branches:
Dungeon (14/15)            Temple (0/1) D:7            Lair (6/6) D:11
 Shoals (0/4) Lair:4        Snake (0/4) Lair:2        Slime (0/5) Lair:6
    Orc (0/2) D:9
 Vaults: D:13-14

Altars:
Gozag
Hepliaklqana
Kikubaaqudgha
Nemelex Xobeh
Qazlal
Sif Muna
Trog
Uskayaw
Wu Jian
Zin
The Shining One

Shops:
D:7 (   D:12 (

Annotations:
D:13 Jorgrun
Lair:1 exclusion: oklob plant


Innate Abilities, Weirdness & Mutations

You have razor-sharp teeth.
You heal very quickly.
When hurt, damage is shared between your health and your magic reserves.
Your bite disrupts and absorbs the magic of your enemies.
Potions cannot restore your health.
You are immune to rotting.


Message History

Jorgrun gestures at you while chanting.
Roots burst forth from the earth!
The grasping roots grab you!
* * * LOW HITPOINT WARNING * * *
The grasping roots constrict you! The yak gores you.
* * * LOW HITPOINT WARNING * * *
The roots lose their grip on you.
You climb upwards.
There is a stone staircase leading down, spattered with blood here.
Okay, then.
Unknown command.
As you read the scroll of fear, it crumbles to dust.
You assume a fearsome visage.
The yak looks frightened!
Jorgrun easily resists.
The yak looks frightened!
Jorgrun gestures at you while chanting. You resist with some effort.
As you read the scroll of teleportation, it crumbles to dust.
You feel strangely unstable. Jorgrun casts a spell at you.
The iron shot hits you!!!
You die...

#######
#.....#
#.....#
#...Y.# .
#.....# ..
#.....# ...
+@g...# ....
#.....# ...Y.
#..Y..#
.Y...Y...#.##
##.##......#
##.....#
#.....# #
#.#...# #
#.....#


You could see Jorgrun and 2 yaks.

Vanquished Creatures
  Erolcha (D:11)
  3 hydras
  The ghost of MisterOstroum the Grappler, a novice TrCK of Xom (D:12)
  2 unseen horrors
  Pikel (D:7)
  A manticore (Lair:4)
  A wolf spider (Lair:6)
  3 ugly things
  3 cyclopes (D:12)
  A centaur zombie (D:12)
  4 elephants (Lair:2)
  10 black mambas
  2 guardian serpents
  7 spiny frogs
  3 rime drakes
  10 komodo dragons
  A freezing wraith (D:12)
  5 trolls
  3 hornets (Lair:6)
  3 raiju (Lair:6)
  13 hippogriffs
  Prince Ribbit (D:7)
  12 polar bears
  A spriggan (D:7)
  35 yaks
  5 wraiths
  3 shadows (D:12)
  10 wyverns
  4 basilisks
  A steam dragon (D:11)
  2 vampire mosquitoes (D:12)
  3 hungry ghosts
  Menkaure (D:7)
  3 nagas (Lair:2)
  4 wargs (Lair:6)
  10 porcupines
  23 water moccasins
  14 hell hounds (Lair:6)
  3 ice beasts
  9 orc warriors
  3 sky beasts
  15 black bears
  3 necrophages
  5 phantoms
  2 ogres
  6 centaurs
  21 wolves
  13 crocodiles
  3 big kobolds
  20 bullfrogs
  A wyvern skeleton (D:6)
  4 scorpions
  4 wights (D:10)
  A howler monkey (D:7)
  5 crimson imps
  7 jellies
  2 quasits
  10 hounds
  9 orc priests
  2 bullfrog zombies
  Jessica (D:2)
  4 iguanas
  Terence (D:2)
  Natasha (thrice) (D:2)
  19 orc wizards
  13 worker ants
  A hound zombie (D:5)
  2 hound skeletons
  2 worker ant zombies
  Robin (D:4)
  16 gnolls
  17 adders
  A howler monkey skeleton (D:5)
  4 shadow imps
  6 oozes
  2 adder zombies
  7 worms
  3 dart slugs
  3 leopard geckos
  63 orcs
  5 ball pythons
  7 bats
  6 giant cockroaches
  30 goblins
  24 hobgoblins
  4 jackals
  30 kobolds
  8 quokkas
  3 frilled lizards
  11 rats
  4 plants (Lair:6)
659 creatures vanquished.

Vanquished Creatures (others)
  9 fungi
  7 plants
16 creatures vanquished.

Grand Total: 675 creatures vanquished

Notes
Turn   | Place    | Note
-------+----------+-------------------------------------------
     0 | D:1      | Ivernyr the Vine Stalker Fighter began the quest for the
                  | Orb.
     0 | D:1      | Reached XP level 1. HP: 11/11 MP: 2/2
   239 | D:1      | Reached XP level 2. HP: 16/16 MP: 3/3
   624 | D:1      | Reached XP level 3. HP: 20/20 MP: 2/4
  1099 | D:2      | Gained mutation: Your natural rate of healing is unusually
                  | fast. [Vine Stalker growth]
  1099 | D:2      | Reached XP level 4. HP: 23/24 MP: 5/5
  1105 | D:2      | Noticed Terence
  1113 | D:2      | Killed Terence
  1139 | D:2      | Found an ornate altar of the Wu Jian Council.
  1176 | D:2      | Noticed Jessica
  1182 | D:2      | Killed Jessica
  1182 | D:2      | Reached XP level 5. HP: 26/28 MP: 6/6
  1459 | D:2      | Noticed Natasha
  1487 | D:2      | Killed Natasha
  1551 | D:2      | Found a hide-covered altar of Uskayaw.
  1696 | D:2      | Noticed Natasha
  1703 | D:2      | Killed Natasha
  1840 | D:3      | You fall through a shaft for 3 floors!
  1841 | D:6      | Noticed a phantom
  1863 | D:6      | Reached XP level 6. HP: 24/33 MP: 4/7
  1891 | D:6      | Killed a phantom
  1919 | D:6      | Noticed an ice beast
  1983 | D:5      | Entered Level 5 of the Dungeon
  2116 | D:4      | Reached XP level 7. HP: 37/37 MP: 8/8
  2537 | D:2      | Noticed Natasha
  2559 | D:2      | Became a worshipper of Uskayaw the Reveler
  2596 | D:2      | Reached * piety under Uskayaw
  2598 | D:2      | Killed Natasha
  2598 | D:2      | Reached ** piety under Uskayaw
  3067 | D:3      | Reached skill level 1 in Invocations
  3123 | D:3      | Found a hazy altar of Hepliaklqana.
  3215 | D:4      | Noticed Robin
  3228 | D:4      | Killed Robin
  3233 | D:4      | Reached *** piety under Uskayaw
  3238 | D:4      | Reached **** piety under Uskayaw
  3329 | D:4      | Found a glowing golden altar of the Shining One.
  3404 | D:4      | Gained mutation: You have razor-sharp teeth. [Vine Stalker
                  | growth]
  3404 | D:4      | Reached XP level 8. HP: 37/42 MP: 7/10
  3469 | D:4      | Reached skill level 5 in Shields
  3470 | D:4      | Reached ***** piety under Uskayaw
  3575 | D:4      | Reached skill level 5 in Fighting
  4137 | D:5      | Reached skill level 5 in Armour
  4598 | D:6      | Reached XP level 9. HP: 41/48 MP: 10/12
  4709 | D:6      | Found an ancient bone altar of Kikubaaqudgha.
  4989 | D:6      | Reached skill level 1 in Long Blades
  5234 | D:6      | Found a deep blue altar of Sif Muna.
  5355 | D:7      | Got a bloodstained flail
  5356 | D:7      | Identified the cursed +2 flail "Tiacae" {crush, MR- Dex+4}
                  | (You found it on level 7 of the Dungeon)
  5401 | D:7      | Found a staircase to the Ecumenical Temple.
  5466 | D:7      | Found a sparkling altar of Nemelex Xobeh.
  5523 | D:7      | Found Musac's Antique Weapon Shoppe.
  5784 | D:7      | Noticed Prince Ribbit
  5799 | D:7      | Killed Prince Ribbit
  5799 | D:7      | Reached skill level 5 in Invocations
  5834 | D:7      | Noticed Pikel
  5857 | D:7      | Killed Pikel
  5857 | D:7      | Reached XP level 10. HP: 53/53 MP: 13/15
  6027 | D:7      | Noticed Menkaure
  6035 | D:7      | Killed Menkaure
  6359 | D:8      | Found a stormy altar of Qazlal.
  6439 | D:8      | Found a glowing silver altar of Zin.
  6439 | D:8      | Found a bloodstained altar of Trog.
  6485 | D:8      | Found an opulent altar of Gozag.
  6788 | D:9      | Found a staircase to the Orcish Mines.
  7623 | D:10     | Entered Level 10 of the Dungeon
  7741 | D:10     | Reached XP level 11. HP: 58/58 MP: 16/16
  7813 | D:10     | Reached skill level 5 in Long Blades
  8303 | D:10     | Found a flagged portal.
  8321 | Bailey   | Entered a bailey
  8662 | Bailey   | Noticed an orc knight
  8662 | Bailey   | Noticed an orc warlord
  9126 | D:11     | You fall through a shaft!
  9130 | D:12     | Noticed a cyclops
  9145 | D:12     | Killed a cyclops
  9257 | D:12     | Noticed a purple ugly thing
  9265 | D:12     | Killed a purple ugly thing
  9287 | D:12     | Noticed a cyclops
  9290 | D:12     | Noticed a cyclops
  9292 | D:12     | Killed a cyclops
  9306 | D:12     | Killed a cyclops
  9354 | D:11     | Noticed Erolcha
  9366 | D:11     | Killed Erolcha
  9366 | D:11     | Gained mutation: You heal very quickly. [Vine Stalker
                  | growth]
  9366 | D:11     | Reached XP level 12. HP: 52/65 MP: 14/19
  9602 | D:11     | Found a staircase to the Lair.
 10068 | D:11     | HP: 3/65 [poisoned by a guardian serpent (bolt of poison)]
 10073 | D:11     | HP: 2/65 [poisoned by a guardian serpent (bolt of poison)]
 10078 | D:11     | HP: 3/65 [poisoned by a guardian serpent (bolt of poison)]
 10240 | D:11     | Got an ichor-stained leather armour
 10251 | D:11     | Identified the cursed +1 leather armour of the Peculiar
                  | Songs {+Blink Int+5} (You found it on level 11 of the
                  | Dungeon)
 10373 | Lair:1   | Entered Level 1 of the Lair of Beasts
 10610 | Lair:1   | Noticed a four-headed hydra
 10620 | Lair:1   | Killed a four-headed hydra
 10783 | Lair:1   | Noticed a seven-headed hydra
 10796 | Lair:1   | Killed a seven-headed hydra
 11704 | Lair:2   | Found a staircase to the Snake Pit.
 12043 | Lair:3   | Reached XP level 13. HP: 68/70 MP: 20/20
 12798 | Lair:4   | Found a staircase to the Shoals.
 12811 | Lair:4   | Reached skill level 10 in Fighting
 12811 | Lair:4   | Reached skill level 10 in Shields
 14326 | Lair:5   | Reached skill level 10 in Invocations
 14648 | Lair:6   | Entered Level 6 of the Lair of Beasts
 14918 | Lair:6   | Found a staircase to the Slime Pits.
 15055 | Lair:6   | Reached ****** piety under Uskayaw
 15131 | Lair:6   | Reached XP level 14. HP: 72/77 MP: 18/22
 15761 | Lair:6   | Reached skill level 10 in Armour
 15819 | Lair:5   | HP: 3/77 [poisoned by a black mamba]
 15824 | Lair:5   | HP: 1/77 [poisoned by a black mamba]
 15830 | Lair:5   | HP: 1/77 [poisoned by a black mamba]
 15835 | Lair:5   | HP: 2/77 [poisoned by a black mamba]
 15840 | Lair:5   | HP: 3/77 [poisoned by a black mamba]
 16748 | D:12     | Found Agretowi's Antique Weapon Boutique.
 16783 | D:12     | Found a runed translucent gate.
 16783 | D:12     | Found a runed translucent gate.
 16783 | D:12     | Found a runed translucent gate.
 16784 | D:12     | Noticed MisterOstroum's ghost (novice TrCK)
 16834 | D:12     | Killed MisterOstroum's ghost
 17430 | D:13     | Noticed Jorgrun
 17490 | D:13     | Killed from afar by Jorgrun

Skill      XL: |  1  2  3  4  5  6  7  8  9 10 11 12 13 14 |
---------------+-------------------------------------------+-----
Maces & Flails | 2 3 |  3.7
Fighting       | 3 4 5 6 7 8 9 10 11 | 11.0
Shields        | 3 4 5 6 7 8 9 10 11 | 11.0
Armour         | 3 4 5 6 7 8 9 10 | 10.2
Invocations    | 1 3 5 6 8 9 10 11 | 11.0
Long Blades    | 3 4 6 7 8 9 |  9.5

Action                   |  1- 3 |  4- 6 |  7- 9 | 10-12 | 13-15 || total
-------------------------+-------+-------+-------+-------+-------++-------
Melee: Flail             |    94 |   135 |   435 |    36 |     9 ||   709
       Bite              |    20 |    43 |   141 |   223 |   279 ||   706
       War axe           |       |       |    19 |       |       ||    19
       Long sword        |       |       |       |   524 |   580 ||  1104
Invok: Stomp             |       |       |     5 |    44 |    26 ||    75
       Line Pass         |       |       |     1 |     3 |       ||     4
       Grand Finale      |       |       |       |       |     1 ||     1
Evoke: Wand              |       |       |       |       |     2 ||     2
  Use: Scroll            |       |       |     1 |    15 |     5 ||    21
       Potion            |       |       |       |     2 |     2 ||     4
 Stab: Sleeping          |       |     1 |     9 |     4 |       ||    14
       Paralysed         |       |       |    15 |    32 |    50 ||    97
       Distracted        |       |       |     1 |     1 |       ||     2
       Confused          |       |       |     1 |       |       ||     1
  Eat: Chunk             |     1 |     3 |    15 |    28 |    17 ||    64
       Ration            |       |       |       |     2 |     2 ||     4
Armor: Scale mail        |    55 |     2 |       |       |       ||    57
       Ring mail         |       |    63 |   236 |   318 |   281 ||   898
Dodge: Dodged            |    40 |    39 |   149 |   244 |   216 ||   688
Block: Shield            |    57 |    64 |   252 |   417 |   423 ||  1213
       Rpst.: Long sword |       |       |       |    49 |    59 ||   108
